Workbook

Sheet RAZÃO
B2: MORADA DO SOL TURISMO, EVENTOS E PARTICIPAÇÕES S/A
B3: Balancete de Despesas
B4: Período : 01/10/2024 a 31/10/2024
E5: VALOR | F5: DETALHE
B6: IMPOSTOS SOBRE RECEITA BRUTA
C7: 1. | D7: Cofins | E7: ='1.'!D6 -> 2385.48 | F7: abertura
C8: 2. | D8: Pis | E8: ='2.'!D6 -> 516.85 | F8: abertura
B9: SERVIÇOS DE TERCEIROS PESSOA FÍSICA
C10: 3. | D10: Honorários Advocatícios | E10: ='3.'!D9 -> 3400 | F10: abertura
C11: 4. | D11: Prestação de Serviços Pessoa Física | E11: ='4.'!D9 -> 6641.21 | F11: abertura
C12: 5. | D12: Prestação de Serviços Pessoa Juridica | E12: ='5.'!D8 -> 2094 | F12: abertura
B13: REMUNERAÇÃO DIRETORIA/CONSELHO/PESSOAL
C14: 6. | D14: Manoel de Araujo Sobrinho | E14: ='6.'!D8 -> 13778.63 | F14: abertura
C15: 6. | D15: Saba José Harb | E15: ='6.'!D9 -> 7087.07 | F15: abertura
C16: 6. | D16: Carlos Eduardo Delbon | E16: ='6.'!D6 -> 2439.98 | F16: abertura
C17: 6. | D17: Donizete Simioni | E17: ='6.'!D7 -> 2439.98 | F17: abertura
C18: 6. | D18: Mario Zafallon Junior | E18: ='6.'!D10 -> 2439.98 | F18: abertura
C19: 6. | D19: Nelson Kiyoshi Hisatsuga | E19: ='6.'!D13 -> 2439.98 | F19: abertura
C20: 6. | D20: Salua Kairuz Manoel | E20: ='6.'!D11 -> 2439.98 | F20: abertura
C21: 6. | D21: Jefferson Henrique Rosseti | E21: ='6.'!D12 -> 4456.58 | F21: abertura
B22: ENCARGOS SOCIAIS
C23: 7. | D23: INSS sobre remuneração Autônomos | E23: ='7.'!D8 -> 2008.24 | F23: abertura
C24: 8. | D24: INSS sobre remuneração Diretores | E24: ='8.'!D9 -> 7504.41 | F24: abertura
B25: GASTOS DIVERSOS
C26: 9. | D26: Despesas de Telefona/Internet | E26: ='9.'!D8 -> 130.99 | F26: abertura
C27: 10. | D27: Impressos/Xerox/Material de Escritorio | E27: ='10.'!D8 -> 315.2 | F27: abertura
C28: 11. | D28: Honorarios Contábeis | E28: ='11.'!D8 -> 3200 | F28: abertura
C29: 12. | D29: Despesas com Informatica | E29: ='12.'!D10 -> 595.85 | F29: abertura
C30: 13. | D30: Manutenção e Conservação de Imoveis | E30: ='13.'!D10 -> 386.1 | F30: abertura
C31: 14. | D31: Premios de Seguro | E31: ='14.'!D8 -> 180.06 | F31: abertura
C32: 15. | D32: Depreciação | E32: ='15.'!D9 -> 229.63 | F32: abertura
C33: 16. | D33: Depreciação - Imoveis | E33: ='16.'!D9 -> 2743.64 | F33: abertura
B34: DESPESAS/RECEITAS FINANCEIRAS
C35: 17. | D35: Encargos s/ Tributos Vencidos | E35: ='17,'!D10 -> 5859.93 | F35: abertura
C36: 18. | D36: Despesas Bancárias | E36: ='18.'!D10 -> 37.7 | F36: abertura
C37: 19. | D37: IRRF s/Aplicacoes Financeiras | E37: ='19. '!D9 -> 225.04 | F37: abertura
C38: 20. | D38: CSLL | E38: ='20.'!D8 -> 2290.06 | F38: abertura
C39: 21. | D39: IRPJ | E39: ='21.'!D8 -> 3816.77 | F39: abertura
D41: TOTAL | E41: =SUM(E7:E40) -> 82083.34

Sheet 1.
B2: MORADA DO SOL TURISMO, EVENTOS E PARTICIPAÇÕES S/A
B3: Balancete de Despesas
B4: =RAZÃO!B4 -> Período : 01/10/2024 a 31/10/2024
B5: Data | C5: Histórico | D5: Valor
B6: 31/10/2024 | C6: VR. A SER PAGO REF. 10/2024 | D6: 2385.48 | E6: retorna | F6: docto.

Sheet 2.
B2: MORADA DO SOL TURISMO, EVENTOS E PARTICIPAÇÕES S/A
B3: Balancete de Despesas
B4: =RAZÃO!B4 -> Período : 01/10/2024 a 31/10/2024
B5: Data | C5: Histórico | D5: Valor
B6: 31/10/2024 | C6: VR. A SER PAGO REF. 10/2024 | D6: 516.85 | E6: retorna | F6: docto.

Sheet 3.
B2: MORADA DO SOL TURISMO, EVENTOS E PARTICIPAÇÕES S/A
B3: Balancete de Despesas
B4: =RAZÃO!B4 -> Período : 01/10/2024 a 31/10/2024
B5: Data | C5: Histórico | D5: Valor
B6: 31/10/2024 | C6: VR. A SER PAGO REF. ALINE MARIA PEREIRA | D6: 1700 | F6: docto.
B7: 31/10/2024 | C7: VR. A SER PAGO REF. FERNANDA CILIA MARAFÃO BRUNETTI | D7: 1700 | E7: retorna | F7: docto.
C9: Total | D9: =SUM(D6:D8) -> 3400

Sheet 4.
B2: MORADA DO SOL TURISMO, EVENTOS E PARTICIPAÇÕES S/A
B3: Balancete de Despesas
B4: =RAZÃO!B4 -> Período : 01/10/2024 a 31/10/2024
B5: Data | C5: Histórico | D5: Valor
B6: 31/10/2024 | C6: VR. A SER PAGO REF. CATARINO MATOS RIOS | D6: 6360.32 | F6: docto.
B7: 31/10/2024 | C7: VR. A SER PAGO REF. LUIS FRANCISCO BARROTTI | D7: 280.89 | E7: retorna | F7: docto.
C9: Total | D9: =SUM(D6:D8) -> 6641.21

Sheet 5.
B2: MORADA DO SOL TURISMO, EVENTOS E PARTICIPAÇÕES S/A
B3: Balancete de Despesas
B4: =RAZÃO!B4 -> Período : 01/10/2024 a 31/10/2024
B5: Data | C5: Histórico | D5: Valor
B6: 25/10/2024 | C6: NF. SERVIÇOS - INDIAMARA MOURA SIQUEIRA | D6: 2094 | E6: retorna | F6: docto.
C8: Total | D8: =SUM(D6:D7) -> 2094

Sheet 6.
B2: MORADA DO SOL TURISMO, EVENTOS E PARTICIPAÇÕES S/A
B3: Balancete de Despesas
B4: =RAZÃO!B4 -> Período : 01/10/2024 a 31/10/2024
B5: Data | C5: Histórico | D5: Valor
B6: 31/10/2024 | C6: Honorarios Diretoria Carlos Eduardo Delbon | D6: 2439.98 | F6: docto.
B7: 31/10/2024 | C7: Honorarios Diretoria Donizete Simioni | D7: 2439.98 | F7: docto.
B8: 31/10/2024 | C8: Honorarios Diretoria Manoel de Araujo Sobrinho | D8: 13778.63 | F8: docto.
B9: 31/10/2024 | C9: Honorarios Diretoria Saba Jose Harb | D9: 7087.07 | F9: docto.
B10: 31/10/2024 | C10: Honorarios Conselho Fiscal Mario Zafallon Junior | D10: 2439.98 | F10: docto.
B11: 31/10/2024 | C11: Honorarios Conselho Fiscal Saula Kairuz Manoel | D11: 2439.98 | F11: docto.
B12: 31/10/2024 | C12: Honorarios Diretoria Jefferson Henrique Rosseti | D12: 4456.58 | F12: docto.
B13: 31/10/2024 | C13: Honorarios Conselho Fiscal Nelson Kiyoshi Hisatsuga | D13: 2439.98 | E13: retorna | F13: docto.
D15: =SUM(D6:D14) -> 37522.18

Sheet 7.
B2: MORADA DO SOL TURISMO, EVENTOS E PARTICIPAÇÕES S/A
B3: Balancete de Despesas
B4: =RAZÃO!B4 -> Período : 01/10/2024 a 31/10/2024
B5: Data | C5: Histórico | D5: Valor
B6: 31/10/2024 | C6: VR. A SER PAGO REF. 08/2024 INSS S/REMUNERAÇÃO AUTONOMOS | D6: 2008.24 | E6: retorna | F6: docto.
C8: Total | D8: =SUM(D6:D7) -> 2008.24

Sheet 8.
B2: MORADA DO SOL TURISMO, EVENTOS E PARTICIPAÇÕES S/A
B3: Balancete de Despesas
B4: =RAZÃO!B4 -> Período : 01/10/2024 a 31/10/2024
B5: Data | C5: Histórico | D5: Valor
B6: 31/10/2024 | C6: VR. A SER PAGO REF. 08/2024 REF. REMUNERAÇÃO DOS DIRETORES | D6: 7504.41 | E6: retorna | F6: docto.
C9: Total | D9: =SUM(D6:D8) -> 7504.41

Sheet 9.
B2: MORADA DO SOL TURISMO, EVENTOS E PARTICIPAÇÕES S/A
B3: Balancete de Despesas
B4: =RAZÃO!B4 -> Período : 01/10/2024 a 31/10/2024
B5: Data | C5: Histórico | D5: Valor
B6: 15/10/2024 | C6: PAGTO REF. FATURA 1894541675-0 VIVO EMPRESAS | D6: 130.99 | E6: retorna | F6: docto.
C8: Total | D8: =SUM(D6:D7) -> 130.99

Sheet 10.
B2: MORADA DO SOL TURISMO, EVENTOS E PARTICIPAÇÕES S/A
B3: Balancete de Despesas
B4: =RAZÃO!B4 -> Período : 01/10/2024 a 31/10/2024
B5: Data | C5: Histórico | D5: Valor
B6: 02/10/2024 | C6: COMPRA CONF. N.FISCAL N. 76413 - TEND TUDO PAPELARIA E INFORMATICA LTDA | D6: 315.2 | E6: retorna | F6: docto.
C8: Total | D8: =SUM(D6:D7) -> 315.2

Sheet 11.
B2: MORADA DO SOL TURISMO, EVENTOS E PARTICIPAÇÕES S/A
B3: Balancete de Despesas
B4: =RAZÃO!B4 -> Período : 01/10/2024 a 31/10/2024
B5: Data | C5: Histórico | D5: Valor
B6: 11/10/2024 | C6: NF. SERVIÇOS 2113 - INOVACONT ASSESSORIA CONTABIL LTDA | D6: 3200 | E6: retorna | F6: docto.
C8: Total | D8: =SUM(D6:D7) -> 3200

Sheet 12.
B2: MORADA DO SOL TURISMO, EVENTOS E PARTICIPAÇÕES S/A
B3: Balancete de Despesas
B4: =RAZÃO!B4 -> Período : 01/10/2024 a 31/10/2024
B5: Data | C5: Histórico | D5: Valor
B6: 04/10/2024 | C6: NF. SERVIÇOS Nº 12 - FLAVIO RIBEIRO DE CARVALHO | D6: 410 | F6: docto.
B7: 21/10/2024 | C7: COMPRA CONF. N.FISCAL N. 17501 - HI TEC DE ARARAQUARA ELETRONICA LTDA | D7: 125.85 | F7: docto.
B8: 30/10/2024 | C8: COMPRA CONF. N.FISCAL N. 20908 MULTI CARTUCHOS E TONERS ARARAQUARA LTDA | D8: 60 | E8: retorna | F8: docto.
C10: Total | D10: =SUM(D6:D9) -> 595.85

Sheet 13.
B2: MORADA DO SOL TURISMO, EVENTOS E PARTICIPAÇÕES S/A
B3: Balancete de Despesas
B4: =RAZÃO!B4 -> Período : 01/10/2024 a 31/10/2024
B5: Data | C5: Histórico | D5: Valor
B6: 19/10/2024 | C6: COMPRA CONF. N.FISCAL N. 490 - ALEXNDRE FEDOZZI CATANEU | D6: 126.9 | F6: docto.
B7: 23/10/2024 | C7: COMPRA CONF. N.FISCAL N. 2769 - PAULA CRISTIANE CAMARGO | D7: 230 | F7: docto.
B8: 30/10/2024 | C8: COMPRA CONF. N.FISCAL N. 31065 - BLANCO & PIAO COM. PARAFUSOS LTDA | D8: 29.2 | E8: retorna | F8: docto.
C10: Total | D10: =SUM(D6:D9) -> 386.1

Sheet 14.
B2: MORADA DO SOL TURISMO, EVENTOS E PARTICIPAÇÕES S/A
B3: Balancete de Despesas
B4: =RAZÃO!B4 -> Período : 01/10/2024 a 31/10/2024
B5: Data | C5: Histórico | D5: Valor
B6: 31/10/2024 | C6: APROPRIAÇÃO PARCELA 09/12 | D6: 180.06 | E6: retorna | F6: docto.
C8: Total | D8: =SUM(D6:D7) -> 180.06

Sheet 15.
B2: MORADA DO SOL TURISMO, EVENTOS E PARTICIPAÇÕES S/A
B3: Balancete de Despesas
B4: =RAZÃO!B4 -> Período : 01/10/2024 a 31/10/2024
B5: Data | C5: Histórico | D5: Valor
B6: 31/10/2024 | C6: Depreciação do período : 10/2024 | D6: 37.63 | F6: docto.
B7: 31/10/2024 | C7: Depreciação do período : 10/2024 | D7: 192 | E7: retorna | F7: docto.
C9: Total | D9: =SUM(D6:D8) -> 229.63

Sheet 16.
B2: MORADA DO SOL TURISMO, EVENTOS E PARTICIPAÇÕES S/A
B3: Balancete de Despesas
B4: =RAZÃO!B4 -> Período : 01/10/2024 a 31/10/2024
B5: Data | C5: Histórico | D5: Valor
B6: 31/10/2024 | C6: Depreciação do período : 10/2024 | D6: 2374.69 | F6: docto.
B7: 31/10/2024 | C7: Depreciação do período : 10/2024 | D7: 368.95 | E7: retorna | F7: docto.
C9: Total | D9: =SUM(D6:D8) -> 2743.64

Sheet 17,
B2: MORADA DO SOL TURISMO, EVENTOS E PARTICIPAÇÕES S/A
B3: Balancete de Despesas
B4: =RAZÃO!B4 -> Período : 01/10/2024 a 31/10/2024
B5: Data | C5: Histórico | D5: Valor
B6: 31/10/2024 | C6: REF. PG PIS/COFINS/CSLL/IRPJ PARCELA 27/35 | D6: 402.14 | F6: docto.
B7: 31/10/2024 | C7: REF. PG PIS/COFINS/CSLL/IRPJ PARCELA 28 A 35 - QUITAÇÃO DO PARCELAMENTO | D7: 859.17 | F7: docto.
B8: 31/10/2024 | C8: REF. PAGAMENTO INSS PARCELAMENTO 45 A 60 - QUITAÇÃO DO PARCELAMENTO | D8: 4598.62 | E8: retorna | F8: docto.
C10: Total | D10: =SUM(D6:D9) -> 5859.93

Sheet 18.
B2: MORADA DO SOL TURISMO, EVENTOS E PARTICIPAÇÕES S/A
B3: Balancete de Despesas
B4: =RAZÃO!B4 -> Período : 01/10/2024 a 31/10/2024
B5: Data | C5: Histórico | D5: Valor
B6: 01/10/2024 | C6: PAGTO REF. FOLHA CHEQUE | D6: 32.5 | F6: docto.
B7: 10/10/2024 | C7: PAGTO REF. FOLHA CHEQUE | D7: 2.7 | F7: docto.
B8: 21/10/2024 | C8: PAGTO REF. TARIFA SERV. COBR. TITULOS | D8: 2.5 | E8: retorna | F8: docto.
C10: Total | D10: =SUM(D6:D9) -> 37.7

Sheet 19. 
B2: MORADA DO SOL TURISMO, EVENTOS E PARTICIPAÇÕES S/A
B3: Balancete de Despesas
B4: =RAZÃO!B4 -> Período : 01/10/2024 a 31/10/2024
B5: Data | C5: Histórico | D5: Valor
B6: 31/10/2024 | C6: IRRF SOBRE APLICAÇÕES FINANCEIRAS | D6: 59.76 | F6: docto.
B7: 31/10/2024 | C7: REND. APLIC. FINANCEIRAS | D7: 165.28 | E7: retorna | F7: docto.
C9: Total | D9: =SUM(D6:D8) -> 225.04

Sheet 20.
B2: MORADA DO SOL TURISMO, EVENTOS E PARTICIPAÇÕES S/A
B3: Balancete de Despesas
B4: =RAZÃO!B4 -> Período : 01/10/2024 a 31/10/2024
B5: Data | C5: Histórico | D5: Valor
B6: 31/10/2024 | C6: VR. A SER PAGO REF. 10/2024 | D6: 2290.06 | E6: retorna | F6: docto.
C8: Total | D8: =SUM(D6:D7) -> 2290.06

Sheet 21.
B2: MORADA DO SOL TURISMO, EVENTOS E PARTICIPAÇÕES S/A
B3: Balancete de Despesas
B4: =RAZÃO!B4 -> Período : 01/10/2024 a 31/10/2024
B5: Data | C5: Histórico | D5: Valor
B6: 31/10/2024 | C6: VR. A SER PAGO REF. 10/2024 | D6: 3816.77 | E6: retorna | F6: docto.
C8: Total | D8: =SUM(D6:D7) -> 3816.77
